 Dungeon Crawl Stone Soup version 0.14-a0-1663-g0b35444 (webtiles) character file.

1213 Medar the Digger (level 8, 0/46 HPs)
             Began as a Formicid Earth Elementalist on Dec 29, 2013.
             Slain by a centaur
             ... wielding a -1,+0 orcish morningstar
              (18 damage)
             ... on Level 5 of the Dungeon.
             The game lasted 00:24:36 (6362 turns).

Medar the Digger (Formicid Earth Elementalist)      Turns: 6362, Time: 00:24:37

HP   0/46        AC  7     Str 14      XL: 8   Next: 78%
MP   6/18        EV 12     Int 16      God:
Gold 172         SH  0     Dex 11      Spells:  5 memorised,  0 levels left

rFire  . . .     SeeInvis +     a - +0,+5 dagger (elec)
rCold  . . .     Clarity  .     f - +0 robe
rNeg   + . .     Conserve .     (no shield)
rPois  x         rCorr    .     (helmet unavailable)
rElec  .         rRot     .     s - +0 cloak
SustAb . .       Spirit   .     (no gloves)
rMut   .         Warding  +     (no boots)
Saprov . . .     Stasis   +     q - amulet of warding {unknown}
                                B - ring "Yriyps" {+Rage +Fly}
                                r - ring of wizardry

@: stone skin, somewhat resistant to hostile enchantments, fairly stealthy
A: permanent stasis, dig shafts and tunnels, four strong arms, poison weakness,
antennae 3, exoskeleton 1
a: Dig, Shaft Self, Evoke Berserk Rage, Evoke Flight


You were on level 5 of the Dungeon.
You were not hungry.

You visited 1 branch of the dungeon, and saw 5 of its levels.

You collected 172 gold pieces.

Inventory:

Hand weapons
 a - a +0,+5 dagger of electrocution (weapon)
Missiles
 b - 45 stones (quivered)
 h - 2 curare-tipped needles
 v - 25 poisoned needles
 C - 2 throwing nets
Armour
 f - a +0 robe (worn)
 s - a +0 cloak (worn)
Comestibles
 k - 3 bread rations
 p - 3 meat rations
 H - an apricot
Scrolls
 c - a scroll of immolation
 e - a scroll of curse jewellery {unknown}
 g - a scroll of noise {unknown}
 i - a scroll of remove curse
 j - a scroll of magic mapping
 m - a scroll of amnesia {unknown}
 y - a scroll of random uselessness {unknown}
 A - a scroll of fear {unknown}
 D - 2 scrolls of enchant weapon I {unknown}
Jewellery
 q - an amulet of warding (around neck) {unknown}
 r - a ring of wizardry (left hand)
 x - an uncursed ring of teleportation
 B - the ring "Yriyps" (right hand) {+Rage +Fly}
   (You found it on level 5 of the Dungeon)

   [ring of flight]

   It lets you go berserk.
Potions
 l - a potion of curing
 n - 2 potions of heal wounds
 t - 3 potions of brilliance
 u - a potion of magic
 w - a potion of speed {unknown}
 z - a potion of might {unknown}
 E - a potion of poison {unknown}
 G - a potion of lignification {unknown}
 I - a potion of degeneration {unknown}
Books
 d - a book of Geomancy

   Spells                             Type                      Level
   *Sandblast                         Earth                        1
   *Stoneskin                         Transmutation/Earth          2
   Passwall                           Transmutation/Earth          3
   *Stone Arrow                       Conjuration/Earth            3
   *Petrify                           Transmutation/Earth          4
   *Lee's Rapid Deconstruction        Earth                        5
 o - a book of Frost

   Spells                             Type                      Level
   Freeze                             Ice                          1
   Throw Frost                        Conjuration/Ice              2
   Ozocubu's Armour                   Charms/Ice                   3
   Throw Icicle                       Conjuration/Ice              4
   Summon Ice Beast                   Ice/Summoning                4
   Condensation Shield                Ice                          4


   Skills:
 - Level 5.1 Short Blades
 - Level 1.7 Dodging
 - Level 2.4 Stealth
 - Level 4.4 Spellcasting
 + Level 3.5 Conjurations
 + Level 2.4 Transmutations
 + Level 6.6 Earth Magic


You couldn't memorise any spells.
You knew the following spells:

 Your Spells              Type           Power        Failure   Level  Hunger
c - Stone Arrow           Conj/Erth      ###...       3%          3    ###....
e - Stoneskin             Trmt/Erth      ###.......   1%          2    ##.....
s - Petrify               Trmt/Erth      ###.....     11%         4    ####...
v - Lee's Rapid Deconstr  Erth           ###.......   13%         5    #####..
x - Sandblast             Erth           ###...       1%          1    None


Dungeon Overview and Level Annotations

Branches:
Dungeon (5/16)
 Temple: D:4-7

Altars:

Shops:
D:4 (   D:5 }


Innate Abilities, Weirdness & Mutations

Your are under a permanent stasis effect.
You can dig through walls and to a lower floor.
Your four strong arms can wield any weapon, most with a shield.
You are susceptible to poison.
You have a pair of large antennae on your head (SInv).
Your body is surrounded by an exoskeleton. (HP +5, AC +1)


Message History

The centaur misses you.
You hit the centaur.
The centaur is moderately wounded.
The centaur hits you with an orcish morningstar.
You hit the centaur.
The centaur is moderately wounded.
The centaur hits you with an orcish morningstar!
Casting: Lee's Rapid Deconstruction
Confirm with . or Enter, or press ? or * to list all spells.
Your skin hardens.
The centaur hits you with an orcish morningstar!
Casting: Stoneskin
Confirm with . or Enter, or press ? or * to list all spells.
Aiming: Stone Arrow
Press: ? - help, Shift-Dir - straight line, f - centaur
Aim: a centaur, wielding an orcish morningstar and wearing an orcish robe (moderately wounded)
The stone arrow hits the centaur.
The centaur is moderately wounded.
The centaur hits you with an orcish morningstar!
You die...

.# #...#.#.#.##.# #.#######
.# #.....#'#.##.# #)# <#
#..........#.# ###.### ##
#..........#.# #....c#
#..........#.###.....#
#..........#.........#
##.........#####.....########
####........c...............
#.......@###########.....
#.#......# #..... #.#......#
#..... #.#......# #.....
#......# #..... #......#
####.. ####.....S...# #..
#......o..# #.. ...........#
#..


You could see a centaur.

Vanquished Creatures
  Edmund (D:4)
  3 ogres (D:5)
  A giant frog zombie (D:5)
  4 hounds
  A centaur zombie (D:5)
  An orc priest (D:3)
  4 orc wizards
  An iguana (D:5)
  2 worker ants
  A killer bee zombie (D:5)
  A sky beast zombie (D:5)
  An ogre zombie (D:5)
  A hound zombie (D:5)
  5 adders
  A worker ant zombie (D:5)
  A giant mite (D:3)
  5 giant geckos
  3 oozes
  17 orcs
  2 ball pythons
  5 giant cockroaches
  A giant mite zombie (D:5)
  9 hobgoblins
  8 jackals
  11 kobolds
  13 bats
  3 giant newts
  7 goblins
  A goblin zombie (D:5)
  3 hobgoblin zombies (D:5)
  A kobold skeleton (D:5)
  2 orc skeletons (D:5)
  3 quokkas
  12 rats
  A rat zombie (D:5)
136 creatures vanquished.

Notes
Turn   | Place    | Note
--------------------------------------------------------------
     0 | D:1      | Medar, the Formicid Earth Elementalist, began the quest for the Orb.
     0 | D:1      | Reached XP level 1. HP: 15/15 MP: 3/3
   383 | D:1      | Reached skill level 4 in Earth Magic
   412 | D:1      | Reached XP level 2. HP: 18/20 MP: 2/4
   758 | D:1      | Reached XP level 3. HP: 21/24 MP: 6/6
  1101 | D:2      | Reached skill level 5 in Earth Magic
  1107 | D:2      | Learned a level 3 spell: Stone Arrow
  1110 | D:2      | Learned a level 2 spell: Stoneskin
  1750 | D:2      | Reached skill level 1 in Conjurations
  1750 | D:2      | Reached XP level 4. HP: 27/29 MP: 2/7
  2300 | D:2      | Reached XP level 5. HP: 14/33 MP: 0/9
  3097 | D:3      | Reached skill level 6 in Earth Magic
  3097 | D:3      | Reached XP level 6. HP: 20/37 MP: 0/10
  3943 | D:4      | Reached skill level 1 in Short Blades
  4221 | D:4      | Found Truloaf's Antique Weapon Shoppe.
  4248 | D:4      | Noticed Edmund
  4263 | D:4      | Killed Edmund
  4263 | D:4      | Reached XP level 7. HP: 41/41 MP: 1/12
  5115 | D:5      | Entered Level 5 of the Dungeon
  5153 | D:5      | Reached skill level 5 in Short Blades
  5450 | D:5      | Reached XP level 8. HP: 29/46 MP: 9/16
  5594 | D:5      | Learned a level 5 spell: Lee's Rapid Deconstruction
  5596 | D:5      | Got a brightly glowing pewter ring
  5705 | D:5      | Learned a level 4 spell: Petrify
  5873 | D:5      | Found Mnef's Gadget Boutique.
  6362 | D:5      | Slain by a centaur

Action                   |  1- 3 |  4- 6 |  7- 9 || total
-------------------------+-------+-------+-------++-------
Melee: Unarmed           |    16 |       |       ||    16
       Dagger            |    33 |    53 |   148 ||   234
 Cast: Sandblast         |    51 |    32 |       ||    83
       Stone Arrow       |       |    18 |    27 ||    45
       Stoneskin         |       |       |    10 ||    10
       Lee's Rapid Decon |       |       |     1 ||     1
  Use: Scroll            |     5 |     4 |     2 ||    11
       Potion            |       |       |     1 ||     1
 Stab: Sleeping          |     1 |     3 |     1 ||     5
